 Dungeon Crawl Stone Soup version 0.29.1-12-g30fa7ad0bf (webtiles) character file.

Game seed: 8583541227995631192

170 booth the Frost Mage (level 5, -1/37 HPs)
             Began as a Gnoll Wanderer on Jan 15, 2023.
             Slain by Pikel
             ... wielding a +2 whip of flaming
              (2 damage)
             ... on level 4 of the Dungeon.
             The game lasted 00:28:21 (3966 turns).

booth the Frost Mage (Gnoll Wanderer)               Turns: 3966, Time: 00:28:22

Health: -1/37      AC:  8    Str: 12    XL:     5   Next: 51%
Magic:  7/9        EV: 12    Int: 15    God:
Gold:   82         SH:  0    Dex:  9    Spells: 3/10 levels left

rFire   . . .      SeeInvis .   j - +1 dagger (elec)
rCold   + . .      Faith    .   (no shield)
rNeg    . . .      Spirit   .   h - +0 leather armour
rPois   .          Reflect  .   (no helmet)
rElec   .          Harm     .   w - +1 cloak
rCorr   +          Rampage  .   u - +0 pair of gloves
Will    .....                   (no boots)
Stlth   +.........              (no amulet)
HPRegen 0.12/turn               f - ring of protection from cold
MPRegen 0.11/turn               s - ring of resist corrosion

@: no status effects
A: fangs 1, strong nose, distributed training, hooves 1, iridescent scales 1
a: no special abilities


You were on level 4 of the Dungeon.
You visited 1 branch of the dungeon, and saw 4 of its levels.

You collected 138 gold pieces.
You spent 56 gold pieces at shops.

Inventory:

Hand Weapons
 g - a +0 short sword
 j - a +1 dagger of electrocution (weapon)
 p - a +0 dire flail
Missiles
 e - 6 poisoned darts
 l - 2 curare-tipped darts (quivered)
 r - 4 javelins
 v - 6 atropa-tipped darts
Armour
 h - a +0 leather armour (worn)
 u - a +0 pair of gloves (worn)
 w - a +1 cloak (worn)
Jewellery
 f - a ring of protection from cold (left hand)
 s - a ring of resist corrosion (right hand)
Wands
 t - a wand of iceblast (18)
Scrolls
 b - a scroll of magic mapping
 k - a scroll of teleportation
 m - a scroll of silence
 n - a scroll of vulnerability {unknown}
 o - a scroll of noise {unknown}
Potions
 a - 2 potions of might
 c - a potion of heal wounds
 i - 3 potions of curing
 q - a potion of haste
 x - a potion of attraction


   Skills:
 + Level 1.6 Fighting
 + Level 1.6 Short Blades
 + Level 1.6 Long Blades
 + Level 1.6 Axes
 + Level 1.6 Maces & Flails
 + Level 1.6 Polearms
 + Level 1.6 Staves
 + Level 1.6 Ranged Weapons
 + Level 1.6 Throwing
 + Level 3.0 Armour
 + Level 3.0 Dodging
 + Level 1.6 Stealth
 + Level 1.6 Shields
 + Level 1.6 Unarmed Combat
 + Level 3.2 Spellcasting
 + Level 1.2 Conjurations
 + Level 1.2 Hexes
 + Level 1.2 Summonings
 + Level 1.2 Necromancy
 + Level 1.2 Translocations
 + Level 1.2 Transmutations
 + Level 1.2 Fire Magic
 + Level 8.8 Ice Magic
 + Level 1.2 Air Magic
 + Level 4.0 Earth Magic
 + Level 1.2 Poison Magic
 + Level 1.8 Invocations
 + Level 1.6 Evocations


You had 3 spell levels left.
You knew the following spells:

 Your Spells              Type           Power      Damage    Failure   Level
a - Freeze                Ice            100%       1d11      1%          1
b - Sandblast             Erth           28%        2d8       4%          1
c - Ensorcelled Hibernat  Hex/Ice        34%        N/A       4%          2
d - Beastly Appendage     Tmut           12%        N/A       14%         1
e - Wereblood             Tmut           6%         N/A       22%         2

Your spell library contained the following spells:

 Spells                   Type           Power      Damage    Failure   Level
 Stone Arrow              Conj/Erth      20%        3d8       26%         3
 Spider Form              Tmut/Pois      6%         N/A       41%         3
 Ice Form                 Ice/Tmut       17%        N/A       30%         4


Dungeon Overview and Level Annotations

Branches:
Dungeon (4/15)
 Temple: D:4-7

Altars:
Fedhas

Shops:
D:4 ?

Annotations:
D:4 Pikel


Innate Abilities, Weirdness & Mutations

You have very sharp teeth.
Your uncanny sense of smell can sniff out nearby items.
Your experience applies equally to all skills.
You have large cloven feet.
You are partially covered in iridescent scales. (AC +2)


Message History

The lemure is lightly wounded.
Pikel completely misses you.
You hit Pikel but do no damage.
Pikel is severely wounded.
You miss Pikel. You kick Pikel, but do no damage.
Pikel is severely wounded.
Pikel hits you with a +2 whip of flaming.
Pikel burns you.
You hit Pikel but do no damage. Your kick misses Pikel. Your bite misses Pikel.
Pikel is severely wounded.
Pikel hits you with a +2 whip of flaming!
Pikel burns you.
You barely miss Pikel.
Pikel is heavily wounded.
Pikel hits you with a +2 whip of flaming!
* * * LOW HITPOINT WARNING * * *
Pikel burns you.
* * * LOW HITPOINT WARNING * * *
Casting: Wereblood (safe; 22% risk of failure)
Confirm with . or Enter, or press ? or * to list all spells.
Aiming: Freeze (safe; 1% risk of failure)
Press: ? - help, Shift-Dir - straight line, f/p - Pikel
Aim: Pikel, wielding a +2 whip of flaming and wearing a +0 robe (heavily wounded)
You freeze Pikel!
Pikel is severely wounded.
Pikel hits you with a +2 whip of flaming.
* * * LOW HITPOINT WARNING * * *
Pikel burns you.
* * * LOW HITPOINT WARNING * * *
Casting: Freeze (safe; 1% risk of failure)
Confirm with . or Enter, or press ? or * to list all spells.
Aiming: Freeze (safe; 1% risk of failure)
Press: ? - help, Shift-Dir - straight line, f/p - Pikel
Aim: Pikel, wielding a +2 whip of flaming and wearing a +0 robe (severely wounded)
You freeze Pikel.
Pikel is almost dead.
Pikel hits you with a +2 whip of flaming.
* * * LOW HITPOINT WARNING * * *
Pikel burns you.
You die...

..# .## ## # #
##############
.............#####
######...........#
#.#####.###@# #.#
#.# #K# #.# ##.#
#5# #.. ..###5#
... ...##5# #.#
###.##.#
.######.##.#
........).(#
.######.####


You could see Pikel and 3 lemures.

Vanquished Creatures
  An orc priest (D:4)
  A jelly (D:4)
  Robin (D:2)
  An adder (D:2)
  A dart slug (D:1)
  8 orcs
  4 ball pythons
  4 bats
  8 endoplasms
  2 giant cockroaches (D:1)
  12 goblins
  9 hobgoblins
  3 jackals (D:1)
  4 quokkas
  4 frilled lizards
  5 kobolds
  7 rats
75 creatures vanquished.

Notes
Turn   | Place    | Note
-------+----------+-------------------------------------------
     0 | D:1      | booth the Gnoll Wanderer began the quest for the Orb.
     0 | D:1      | booth set off with the following items: a +0 club, a potion
                  | of haste, a +0 robe, a +0 cloak; and the following spells
                  | available to memorise: Freeze, Sandblast, Ensorcelled
                  | Hibernation, Stone Arrow, Ice Form.
     0 | D:1      | Reached XP level 1. HP: 13/13 MP: 4/4
     2 | D:1      | Learned a level 1 spell: Freeze
     4 | D:1      | Learned a level 1 spell: Sandblast
   144 | D:1      | Reached XP level 2. HP: 19/19 MP: 2/5
   555 | D:1      | Learned a level 2 spell: Ensorcelled Hibernation
   678 | D:1      | Reached XP level 3. HP: 25/25 MP: 5/7
   862 | D:1      | Reached skill level 1 in Invocations
  1386 | D:2      | Noticed Robin
  1399 | D:2      | Reached skill level 1 in Fighting
  1399 | D:2      | Reached skill level 1 in Short Blades
  1399 | D:2      | Reached skill level 1 in Long Blades
  1399 | D:2      | Reached skill level 1 in Axes
  1399 | D:2      | Reached skill level 1 in Maces & Flails
  1399 | D:2      | Reached skill level 1 in Polearms
  1399 | D:2      | Reached skill level 1 in Staves
  1399 | D:2      | Reached skill level 1 in Ranged Weapons
  1399 | D:2      | Reached skill level 1 in Throwing
  1399 | D:2      | Reached skill level 1 in Stealth
  1399 | D:2      | Reached skill level 1 in Shields
  1399 | D:2      | Reached skill level 1 in Unarmed Combat
  1399 | D:2      | Reached skill level 1 in Evocations
  1404 | D:2      | Killed Robin
  1409 | D:2      | Reached XP level 4. HP: 12/32 MP: 6/8
  1839 | D:2      | Found a blossoming altar of Fedhas.
  2093 | D:2      | Identified the +0 ring mail "Guzuvvo" {Harm Will+ Int-3
                  | SInv}
  2345 | D:2      | Reached skill level 1 in Conjurations
  2345 | D:2      | Reached skill level 1 in Hexes
  2345 | D:2      | Reached skill level 1 in Summonings
  2345 | D:2      | Reached skill level 1 in Necromancy
  2345 | D:2      | Reached skill level 1 in Translocations
  2345 | D:2      | Reached skill level 1 in Transmutations
  2345 | D:2      | Reached skill level 1 in Fire Magic
  2345 | D:2      | Reached skill level 1 in Air Magic
  2345 | D:2      | Reached skill level 1 in Poison Magic
  2350 | D:2      | Learned a level 1 spell: Beastly Appendage
  2821 | D:3      | Learned a level 2 spell: Wereblood
  3384 | D:3      | Gained mutation: You are partially covered in iridescent
                  | scales. (AC +2) [potion of mutation]
  3384 | D:3      | Gained mutation: You have large cloven feet. [potion of
                  | mutation]
  3391 | D:4      | Noticed a lemure
  3391 | D:4      | Noticed a scorpion
  3420 | D:4      | Reached XP level 5. HP: 37/37 MP: 7/9
  3830 | D:4      | Found Jonaps's Magic Scroll Boutique.
  3836 | D:4      | Bought a scroll of identify for 28 gold pieces
  3836 | D:4      | Bought a scroll of identify for 28 gold pieces
  3940 | D:4      | Noticed Pikel
  3944 | D:4      | Noticed a lemure
  3944 | D:4      | Noticed a lemure
  3945 | D:4      | Noticed a lemure
  3966 | D:4      | HP: 1/37 [Pikel/+2 whip of flaming (4)]
  3966 | D:4      | Slain by Pikel

Illustrated notes

Levels and vault maps discovered:
D:1:      noname_arrival_rooms_in_the_neighbourhood, layout_basic, minivault_25,
          minmay_nonomino_d4
D:2:      layout_basic, basic_altar, hangedman_decor_lopped, uniq_robin
D:3:      layout_loops_cross
D:4:      layout_loops_ring, lightli_temple_of_fire, serial_shops, shop,
          uniq_pikel

Skill      XL: |  1  2  3  4  5 |
---------------+----------------+-----
Invocations    | 1 |  1.8
Fighting       | 1 |  1.6
Short Blades   | 1 |  1.6
Long Blades    | 1 |  1.6
Axes           | 1 |  1.6
Maces & Flails | 1 |  1.6
Polearms       | 1 |  1.6
Staves         | 1 |  1.6
Ranged Weapons | 1 |  1.6
Throwing       | 1 |  1.6
Stealth        | 1 |  1.6
Shields        | 1 |  1.6
Unarmed Combat | 1 |  1.6
Evocations     | 1 |  1.6
Spellcasting   | 3 |  3.2
Conjurations   | 1 |  1.2
Hexes          | 1 |  1.2
Summonings     | 1 |  1.2
Necromancy     | 1 |  1.2
Translocations | 1 |  1.2
Transmutations | 1 |  1.2
Fire Magic     | 1 |  1.2
Air Magic      | 1 |  1.2
Poison Magic   | 1 |  1.2
Armour         | 3 |  3.0
Dodging        | 3 |  3.0
Earth Magic    | 4 |  4.0
Ice Magic      | |  8.8

Action                   |  1- 3 |  4- 6 || total
-------------------------+-------+-------++-------
Melee: Club              |    29 |       ||    29
       Bite              |    12 |    11 ||    23
       Dagger            |    27 |    93 ||   120
       Kick              |       |     6 ||     6
Throw: Dart              |     2 |     6 ||     8
       Javelin           |       |     5 ||     5
 Cast: Sandblast         |    15 |     8 ||    23
       Freeze            |    18 |     9 ||    27
Evoke: Wand              |       |     1 ||     1
  Use: Scroll            |     2 |     4 ||     6
       Potion            |       |     4 ||     4
Armor: Robe              |    11 |       ||    11
       Leather armour    |     8 |    21 ||    29
Dodge: Dodged            |    44 |    46 ||    90
